 Dungeon Crawl Stone Soup version 0.21.1-1-g345015fe64 (webtiles) character file.

0 Gargoyl the Skirmisher (level 1, -18/13 HPs)
             Began as a Centaur Abyssal Knight on Feb 19, 2018.
             Was an Initiate of Lugonu.
             Killed from afar by a raiju (24 damage)
             ... with a living lightning
             ... on level 2 of the Abyss.
             The game lasted 00:01:50 (310 turns).

Gargoyl the Skirmisher (Centaur Abyssal Knight)      Turns: 310, Time: 00:01:50

Health: -18/13     AC:  8    Str: 13 (14) XL:     1   Next: 0%
Magic:  2/2        EV: -1    Int:  9 (11) God:    Lugonu [......]
Gold:   17         SH:  6    Dex:  4 (8)  Spells: 0/0 levels left

rFire    . . .     SeeInvis .   a - +1 hand axe
rCold    . . .     Gourm    .   d - +0 shield
rNeg     . . .     Faith    .   f - +0 plate armour
rPois    .         Spirit   .   (no helmet)
rElec    .         Reflect  .   (no cloak)
rCorr    .         Harm     .   (no gloves)
MR       .....     Rnd*Rage +   (no barding)
Stlth    ..........             (no amulet)
HPRegen  0.00/turn              (no ring)
MPRegen  0.08/turn              (no ring)

@: non-regenerating, diseased, very quick
A: large, hooves 3, [berserk 2], deformed body, speed 2, frail 1[+2], [low mp
2], [screaming 2], tough skin 3, [MP-powered wands]
a: Renounce Religion


You were on level 2 of the Abyss.
You worshipped Lugonu.
Lugonu was noncommittal.
You were not hungry.

You visited 0 branches of the dungeon, and saw 0 of its levels.
You visited the Abyss 1 time.

You collected 17 gold pieces.

Inventory:

Hand Weapons
 a - a +1 hand axe (weapon)
Armour
 b - a +0 leather armour
 d - a +0 shield (worn)
 f - a +0 plate armour (worn)
Scrolls
 g - a scroll of magic mapping {unknown}
Potions
 e - a potion of curing
Comestibles
 c - a ration


   Skills:
 + Level 3.0 Fighting
 + Level 1.7 Axes
 + Level 1.3 Armour
 + Level 0.6 Dodging
 + Level 2.0 Invocations


You couldn't memorise any spells.
You didn't know any spells.

Dungeon Overview and Level Annotations

Branches:
Dungeon (0/15)

Altars:


Innate Abilities, Weirdness & Mutations

You have hooves in place of feet.
Armour fits poorly on your strangely shaped body.
You cover ground very quickly.
You have extremely tough skin. (AC +3)
[You often lose your temper in combat.]
[You are extremely frail. (-30% HP)]
[Your magical capacity is very low. (-20% MP)]
[You sometimes yell uncontrollably at your foes.]
[You expend magic power (3 MP) to strengthen your wands.]


Message History

You enter the shallow water.
Moving in this stuff is going to be slow.
Why would you want to do that?
You enter the shallow water.
Moving in this stuff is going to be slow.
You yell at the small abomination!
A small abomination comes into view.
You hear a bark!
You feel ill.
A raiju comes into view.
The raiju barks!
The raiju looks sick.
You block the small abomination's attack.
The raiju bursts into living lightning!
The living lightning hits you!
The raiju blinks!
An ancient zyme comes into view.
The raiju bursts into living lightning!
The living lightning hits you!
Ouch! That really hurt!
You die...

....##. .... x......
..... ....... .
...... ........ .
....... .........
........... .......
....#.#...##......#
......§.#..@#......
#...#...##...# #
###...#x....# ≈
###.###.x.#..#..#
≈.≈≈#...#.#.#####h###
.#≈≈≈♣≈≈..x##.. #.#
....≈≈ ..≈≈..# ##
...≈.#≈.#.≈#.# ## ≈≈≈
#≈.#≈##


You could see an ancient zyme and a raiju.

Vanquished Creatures (others)
  2 starspawn tentacles (Abyss:1)
2 creatures vanquished.

Notes
Turn   | Place    | Note
-------+----------+-------------------------------------------
     0 | Abyss:1  | Gargoyl the Centaur Abyssal Knight began the quest for the Orb.
     0 | Abyss:1  | Reached XP level 1. HP: 19/19 MP: 2/2
    89 | Abyss:1  | Noticed a spiny frog simulacrum
    96 | Abyss:1  | Noticed a quasit
   142 | Abyss:1  | Noticed a guardian serpent
   148 | Abyss:1  | Noticed a wretched star
   155 | Abyss:1  | Noticed a ynoxinul
   175 | Abyss:1  | Noticed a cacodemon
   177 | Abyss:1  | Gained mutation: [You are extremely frail. (-30% HP)] [a cacodemon]
   178 | Abyss:1  | Noticed a starcursed mass
   179 | Abyss:1  | Noticed a tentacled starspawn
   248 | Abyss:1  | Noticed a lich
   266 | Abyss:2  | Noticed a tentacled starspawn
   284 | Abyss:2  | Noticed an ancient zyme
   286 | Abyss:2  | Noticed a small abomination
   302 | Abyss:2  | Noticed a small abomination
   304 | Abyss:2  | Noticed a raiju
   309 | Abyss:2  | Noticed an ancient zyme
   310 | Abyss:2  | Killed from afar by a raiju

Action                   || total
-------------------------++-------
  Use: Potion            ||     3
Armor: Plate armour      ||     5
       Skin              ||     2
Dodge: Dodged            ||     2
Block: Shield            ||     1
